 Dungeon Crawl Stone Soup version 0.17.0-28-g6e173f8 (webtiles) character file.

149 dohliylev the Covert (level 5, -1/38 HPs)
             Began as a Vampire Assassin on Nov 28, 2015.
             Slain by a gnoll
             ... wielding a +0 whip
              (9 damage)
             ... on level 2 of the Dungeon.
             The game lasted 00:06:26 (2023 turns).

dohliylev the Covert (Vampire Assassin)             Turns: 2023, Time: 00:06:27

Health: -1/38      AC:  3    Str: 10    XL:     5   Next: 9%
Magic:  5/5        EV: 12    Int: 14    God:
Gold:   46         SH:  0    Dex: 16    Spells: 0 memorised, 4 levels left

rFire  . . .     SeeInvis +     b - +0 blowgun
rCold  + . .     Clarity  .     c - +0 robe
rNeg   + + .     SustAt   +     (no shield)
rPois  +         Gourm    .     (no helmet)
rElec  .         Spirit   .     d - +0 cloak
rCorr  .         Warding  .     (no gloves)
rMut   .         Stasis   .     (no boots)
MR     .....                    (no amulet)
Stlth  +++++.....               (no ring)
                                h - ring of sustain attributes

@: regenerating slowly, not resistant to hostile enchantments, quite stealthy
A: fangs 3, see invisible, unbreathing
a: Bat Form


You were on level 2 of the Dungeon.
You were very thirsty.

You visited 1 branch of the dungeon, and saw 2 of its levels.

You collected 46 gold pieces.

Inventory:

Hand Weapons
 a - a +2 dagger
 b - a +0 blowgun (weapon)
Missiles
 e - 24 poisoned needles (quivered)
 f - 2 curare-tipped needles
Armour
 c - a +0 robe (worn)
 d - a +0 cloak (worn)
Jewellery
 h - a ring of sustain attributes (left hand)
 t - an uncursed ring of positive energy {unknown}
Scrolls
 i - a scroll of amnesia {unknown}
 j - 2 scrolls of remove curse {unknown}
 k - 4 scrolls of teleportation {unknown}
 l - a scroll of enchant armour {unknown}
 n - a scroll of immolation {unknown}
 p - 3 scrolls of magic mapping {unknown}
 s - a scroll of identify {unknown}
Potions
 g - a potion of blood
 m - a potion of resistance {unknown}
 o - 2 potions of degeneration {unknown}
 q - a potion of haste {unknown}
 r - 2 potions of might {unknown}
 u - a potion of heal wounds {unknown}


   Skills:
 - Level 1.7 Fighting
 - Level 2.1 Short Blades
 - Level 1.5 Throwing
 - Level 1.1 Dodging
 * Level 9.8 Stealth


You had 4 spell levels left.
You didn't know any spells.

Dungeon Overview and Level Annotations

Branches:
Dungeon (2/15)

Altars:


Innate Abilities, Weirdness & Mutations

You heal slowly.
You have razor-sharp teeth.
You have supernaturally acute eyesight.
You can survive without breathing.


Message History

The gnoll is poisoned.
Firing (i - inventory. (,) - cycle):
e - 27 poisoned needles (quivered)
Press: ? - help, Shift-Dir - straight line, f/p - gnoll
Aim: a gnoll, wielding a whip (poisoned)
You shoot a poisoned needle.
The poisoned needle barely misses the gnoll.
Firing (i - inventory. (,) - cycle):
e - 26 poisoned needles (quivered)
Press: ? - help, Shift-Dir - straight line, f/p - gnoll
Aim: a gnoll, wielding a whip (moderately wounded, poisoned)
You shoot a poisoned needle.
The poisoned needle closely misses the gnoll.
The gnoll looks more healthy.
Firing (i - inventory. (,) - cycle):
e - 25 poisoned needles (quivered)
Press: ? - help, Shift-Dir - straight line, f/p - gnoll
Aim: a gnoll, wielding a whip (almost dead)
You shoot a poisoned needle. The poisoned needle hits the gnoll!
The gnoll is poisoned.
The gnoll is almost dead.
The gnoll hits you with a whip!
You die...

#.....## #.......# #..
#......############.......# ##..
#.........##......#......####...
######.##..#...<..#.....####..#.
#.###.#.........##....#.##. #.#
#.....(...####....#.#..
#.####.......## #.......... #..#
#.....g.# #..........
##.###....@#.# #........##
###.##.....(#.# ##.....#.##
##.#.##.###....#####.........
##.....#.###............###.#.
####............(..###########.#.
#.........#####>...#### #..#.
#.###...#....##†......##### #.###
#.###.....##..............# #.###
#...##.##..####.....#.###.###.##.


You could see a gnoll.

Vanquished Creatures
  A scorpion (D:1)
  2 gnolls (D:2)
  3 adders (D:2)
  A ball python (D:1)
  11 bats
  3 giant cockroaches (D:1)
  5 hobgoblins
  6 jackals (D:1)
  A quokka (D:2)
  A giant gecko (D:2)
  A giant newt (D:1)
  2 goblins (D:1)
  9 kobolds
  10 rats
56 creatures vanquished.

Notes
Turn   | Place    | Note
--------------------------------------------------------------
     0 | D:1      | dohliylev the Vampire Assassin began the quest for the Orb.
     0 | D:1      | Reached XP level 1. HP: 16/16 MP: 1/1
    48 | D:1      | Reached skill level 6 in Stealth
   146 | D:1      | Reached XP level 2. HP: 5/22 MP: 2/2
   152 | D:1      | HP: 1/22 [rat (3)]
   589 | D:1      | Reached skill level 7 in Stealth
   819 | D:1      | Reached XP level 3. HP: 23/27 MP: 3/3
   839 | D:1      | HP: 1/27 [jackal (2)]
  1067 | D:1      | Noticed a scorpion
  1080 | D:1      | Killed a scorpion
  1080 | D:1      | Reached skill level 8 in Stealth
  1080 | D:1      | Reached XP level 4. HP: 25/33 MP: 4/4
  1516 | D:2      | Reached skill level 9 in Stealth
  1980 | D:2      | Reached XP level 5. HP: 17/38 MP: 5/5
  2023 | D:2      | Slain by a gnoll

Action                   |  1- 3 |  4- 6 || total
-------------------------+-------+-------++-------
Melee: Dagger            |    89 |    49 ||   138
 Fire: Blowgun           |       |    14 ||    14
 Stab: Sleeping          |    10 |     9 ||    19
       Distracted        |     1 |     1 ||     2
